 Dungeon Crawl Stone Soup version 0.26-a0-540-g8a0c9464d7 (webtiles) character file.

Game seed: 2566857093622115153

568 vurker the Cudgeler (level 7, -4/60 HPs)
             Began as a Gnoll Chaos Knight on Aug 22, 2020.
             Slain by a hippogriff (9 damage)
             ... on level 5 of the Dungeon.
             The game lasted 00:04:55 (4783 turns).

vurker the Cudgeler (Gnoll Chaos Knight)            Turns: 4783, Time: 00:04:55

Health: -4/60      AC: 12    Str: 14      XL:     7   Next: 33%
Magic:  10/10      EV:  8    Int: 13 (14) God:
Gold:   288        SH:  0    Dex: 17      Spells: 10/10 levels left

rFire    . . .     SeeInvis .   a - +0 mace (chaos)
rCold    . . .     Faith    .   (no shield)
rNeg     . . .     Spirit   .   j - +0 chain mail
rPois    .         Reflect  .   (no helmet)
rElec    .         Harm     .   (no cloak)
rCorr    .                      m - +0 pair of gloves
MR       .....                  n - +0 pair of boots
Stlth    ..........             (no amulet)
HPRegen  0.20/turn              (no ring)
MPRegen  0.12/turn              (no ring)

@: no status effects
A: distributed training, fangs 1, agile 1, blurry vision 1, dopey 1, screaming
1, subdued magic 1, strong nose
a: no special abilities


You were on level 5 of the Dungeon.
You visited 1 branch of the dungeon, and saw 5 of its levels.

You collected 288 gold pieces.

Inventory:

Hand Weapons
 a - a +0 mace of chaos (weapon)
Armour
 j - a +0 chain mail (worn)
   (You found it on level 1 of the Dungeon)
 m - a +0 pair of gloves (worn)
   (You found it on level 2 of the Dungeon)
 n - a +0 pair of boots (worn)
   (You found it on level 3 of the Dungeon)
Wands
 t - a wand of flame (19)
   (You found it on level 5 of the Dungeon)
Scrolls
 b - 5 scrolls of remove curse {unknown}
 d - 7 scrolls of identify {unknown}
 e - 3 scrolls of amnesia {unknown}
 f - 2 scrolls of magic mapping {unknown}
 k - a scroll of teleportation {unknown}
 p - a scroll of immolation {unknown}
 q - a scroll of random uselessness {unknown}
 s - a scroll of fear {unknown}
Potions
 c - 2 potions of lignification {unknown}
 g - a potion of haste {unknown}
 h - 2 potions of resistance
 i - 2 potions of curing
 l - 4 potions of brilliance {unknown}
 o - a potion of invisibility {unknown}
 r - 2 potions of flight {unknown}


   Skills:
 + Level 7.0 Fighting
 + Level 2.4 Short Blades
 + Level 2.4 Long Blades
 + Level 2.4 Axes
 + Level 7.0 Maces & Flails
 + Level 2.4 Polearms
 + Level 2.4 Staves
 + Level 2.4 Slings
 + Level 2.4 Bows
 + Level 2.4 Crossbows
 + Level 2.4 Throwing
 + Level 5.2 Armour
 + Level 3.6 Dodging
 + Level 2.4 Stealth
 + Level 2.4 Shields
 + Level 2.4 Unarmed Combat
 + Level 2.4 Spellcasting
 + Level 2.0 Conjurations
 + Level 2.0 Hexes
 + Level 2.0 Summonings
 + Level 2.0 Necromancy
 + Level 2.0 Translocations
 + Level 2.0 Transmutations
 + Level 2.0 Fire Magic
 + Level 2.0 Ice Magic
 + Level 2.0 Air Magic
 + Level 2.0 Earth Magic
 + Level 2.0 Poison Magic
   Level 2.7 Invocations
 + Level 2.4 Evocations


You had 10 spell levels left.
You didn't know any spells.
Your spell library was empty.

Dungeon Overview and Level Annotations

Branches:
Dungeon (5/15)
 Temple: D:4-7

Altars:
Ashenzari
Fedhas
Qazlal
Ru
Zin


Innate Abilities, Weirdness & Mutations

Your experience applies equally to all skills.
You have very sharp teeth.
Your uncanny sense of smell can sniff out nearby items.
You are agile. (Dex +2)
Scrolls take you a little longer to read.
You are dopey. (Int -2)
You occasionally shout uncontrollably at your foes.
Your spells are a little easier to cast, but a little less powerful.


Message History

You feel dopey.
s - a scroll labeled NOPLAXZAEPS
Found 15 sling bullets.
You see here 15 sling bullets.
Your orange demon degenerates into a cloud of primal chaos!
Found a sedimented puce potion.
Found a stone staircase leading down.
You bark at the hippogriff!
A hippogriff comes into view.
The hippogriff moves out of view.
Found 19 gold pieces.
You see here a sedimented puce potion.
A hippogriff is nearby!
A hippogriff is nearby!
The hippogriff bites you.
The hippogriff pecks you but does no damage.
The hippogriff claws you but does no damage.
Found a scroll labeled GESMYNUECE.
You hit the hippogriff.
The hippogriff bites you but does no damage.
The hippogriff pecks you but does no damage.
The hippogriff closely misses you.
The hippogriff bites you but does no damage.
The hippogriff pecks you but does no damage.
The hippogriff claws you.
You barely miss the hippogriff. The hippogriff barely misses you.
The hippogriff pecks you.
The hippogriff claws you but does no damage.
You hit the hippogriff but do no damage.
The hippogriff bites you. The hippogriff pecks you.
The hippogriff claws you but does no damage.
You hit the hippogriff. The hippogriff bites you. The hippogriff pecks you.
The hippogriff claws you but does no damage.
You closely miss the hippogriff. The hippogriff closely misses you.
The hippogriff pecks you but does no damage.
The hippogriff claws you.
You thump the hippogriff!
The hippogriff goes berserk!
The hippogriff bites you!
* * * LOW HITPOINT WARNING * * *
The hippogriff barely misses you.
The hippogriff claws you but does no damage.
You sock the hippogriff!
The hippogriff seems to grow stronger.
The hippogriff bites you!
* * * LOW HITPOINT WARNING * * *
The hippogriff pecks you but does no damage.
The hippogriff claws you.
* * * LOW HITPOINT WARNING * * *
The hippogriff bites you.
* * * LOW HITPOINT WARNING * * *
The hippogriff pecks you!
You die...

#... #...
.. #....#.#
# # ##...
..#.### #
$... ..#...
#.# #..
...? ###..
#.H##.#
#.... #
#..@..#
#..).
#.#.##.># #
.....
#......!#.#
#....
###.......#
#....
####.####
#..## #.#
#. . ###.#
# ## #...#
## #.### #.


You could see a hippogriff (berserk, strong).

Vanquished Creatures
  A centaur (D:5)
  A bullfrog (D:5)
  2 howler monkeys (D:4)
  Natasha (twice) (D:4)
  4 worker ants
  A hound skeleton (D:4)
  7 adders
  A shadow imp (D:5)
  A white imp (D:5)
  An ufetubus (D:4)
  3 worms
  3 dart slugs (D:1)
  A leopard gecko (D:5)
  5 orcs
  A giant cockroach (D:4)
  15 goblins
  11 hobgoblins
  5 jackals (D:2)
  2 quokkas (D:2)
  9 bats
  3 frilled lizards
  6 kobolds
  A quokka skeleton (D:4)
  9 rats
95 creatures vanquished.

Notes
Turn   | Place    | Note
-------+----------+-------------------------------------------
     0 | D:1      | vurker the Gnoll Chaos Knight began the quest for the Orb.
     0 | D:1      | Reached XP level 1. HP: 23/23 MP: 1/1
     0 | D:1      | Fell from the grace of Xom
    37 | D:1      | Found a shattered altar of Ashenzari.
   304 | D:1      | Reached XP level 2. HP: 29/29 MP: 2/2
   717 | D:1      | XOM: stat loss: -2 Int (12/14)
   732 | D:1      | Reached XP level 3. HP: 34/35 MP: 3/3
  1020 | D:2      | Reached skill level 1 in Invocations
  1055 | D:2      | Reached skill level 1 in Short Blades
  1055 | D:2      | Reached skill level 1 in Long Blades
  1055 | D:2      | Reached skill level 1 in Axes
  1055 | D:2      | Reached skill level 1 in Polearms
  1055 | D:2      | Reached skill level 1 in Staves
  1055 | D:2      | Reached skill level 1 in Slings
  1055 | D:2      | Reached skill level 1 in Bows
  1055 | D:2      | Reached skill level 1 in Crossbows
  1055 | D:2      | Reached skill level 1 in Throwing
  1055 | D:2      | Reached skill level 1 in Stealth
  1055 | D:2      | Reached skill level 1 in Shields
  1055 | D:2      | Reached skill level 1 in Unarmed Combat
  1055 | D:2      | Reached skill level 1 in Spellcasting
  1055 | D:2      | Reached skill level 1 in Evocations
  1220 | D:2      | Reached XP level 4. HP: 27/41 MP: 5/5
  1623 | D:2      | XOM: give mutations
  1623 | D:2      | Gained mutation: Scrolls take you a little longer to read.
                  | [Xom's mischief]
  1623 | D:2      | Gained mutation: You occasionally shout uncontrollably at
                  | your foes. [Xom's mischief]
  1626 | D:2      | Reached skill level 1 in Conjurations
  1626 | D:2      | Reached skill level 1 in Hexes
  1626 | D:2      | Reached skill level 1 in Summonings
  1626 | D:2      | Reached skill level 1 in Necromancy
  1626 | D:2      | Reached skill level 1 in Translocations
  1626 | D:2      | Reached skill level 1 in Transmutations
  1626 | D:2      | Reached skill level 1 in Fire Magic
  1626 | D:2      | Reached skill level 1 in Ice Magic
  1626 | D:2      | Reached skill level 1 in Air Magic
  1626 | D:2      | Reached skill level 1 in Earth Magic
  1626 | D:2      | Reached skill level 1 in Poison Magic
  2329 | D:3      | Reached XP level 5. HP: 46/47 MP: 6/6
  2426 | D:3      | Found a stormy altar of Qazlal.
  2764 | D:3      | Found a sacrificial altar of Ru.
  3071 | D:4      | Reached XP level 6. HP: 38/53 MP: 8/8
  3134 | D:4      | XOM: 2-stop teleportation journey
  3251 | D:4      | XOM: stat loss: -1 Int (15/16)
  3412 | D:4      | Noticed Natasha
  3418 | D:4      | Killed Natasha
  3425 | D:4      | Noticed Natasha
  3434 | D:4      | Killed Natasha
  3434 | D:4      | Reached skill level 5 in Armour
  3484 | D:4      | Noticed Natasha
  3486 | D:4      | Found a blossoming altar of Fedhas.
  3493 | D:4      | Noticed Natasha
  3493 | D:4      | Natasha changed into Natasha the howler monkey
  3497 | D:4      | Killed Natasha the howler monkey
  3646 | D:4      | XOM: give mutations
  3646 | D:4      | Gained mutation: You are dopey. (Int -2) [Xom's mischief]
  3646 | D:4      | Gained mutation: Your spells are a little easier to cast,
                  | but a little less powerful. [Xom's mischief]
  3666 | D:4      | Found a glowing silver altar of Zin.
  3719 | D:4      | XOM: give mutation
  3719 | D:4      | Gained mutation: You are agile. (Dex +2) [Xom's mischief]
  3880 | D:5      | Entered Level 5 of the Dungeon
  4149 | D:5      | Noticed Sigmund
  4155 | D:5      | Noticed Sigmund
  4164 | D:5      | Killed Sigmund the bullfrog
  4164 | D:5      | Reached XP level 7. HP: 36/59 MP: 10/10
  4170 | D:5      | XOM: god gift: robe {god gift}
  4240 | D:5      | XOM: summons 2 hostile shadow creatures
  4316 | D:5      | XOM: 4-stop teleportation journey
  4564 | D:5      | XOM: summons friendly orange demon
  4644 | D:5      | XOM: stat loss: -1 Int (13/14)
  4773 | D:5      | Noticed a hippogriff
  4783 | D:5      | Slain by a hippogriff

Illustrated notes

Levels and vault maps discovered:
D:1:      evilmike_arrival_home_sweet_home, layout_loops_corners, minivault_26,
          minmay_tree_intersection, nicolae_ashenzari_panopticon
D:2:      layout_loops_ring
D:3:      cheibrodos_greedy_goblins, layout_basic, nicolae_ru_path_of_blood,
          grunt_qazlal_sundering
D:4:      layout_rooms, overflow_temple_1_default, kennysheep_flooded_box,
          minmay_misc_feat_square, minmay_hedge_maze, uniq_natasha
D:5:      layout_loops_cross, makhleb_heckhound_becter, uniq_sigmund

Skill      XL: |  1  2  3  4  5  6  7 |
---------------+----------------------+-----
Invocations    | 1 2 |  2.7
Short Blades   | 1 2 |  2.4
Long Blades    | 1 2 |  2.4
Axes           | 1 2 |  2.4
Polearms       | 1 2 |  2.4
Staves         | 1 2 |  2.4
Slings         | 1 2 |  2.4
Bows           | 1 2 |  2.4
Crossbows      | 1 2 |  2.4
Throwing       | 1 2 |  2.4
Stealth        | 1 2 |  2.4
Shields        | 1 2 |  2.4
Unarmed Combat | 1 2 |  2.4
Spellcasting   | 1 2 |  2.4
Evocations     | 1 2 |  2.4
Conjurations   | 1 2 |  2.0
Hexes          | 1 2 |  2.0
Summonings     | 1 2 |  2.0
Necromancy     | 1 2 |  2.0
Translocations | 1 2 |  2.0
Transmutations | 1 2 |  2.0
Fire Magic     | 1 2 |  2.0
Ice Magic      | 1 2 |  2.0
Air Magic      | 1 2 |  2.0
Earth Magic    | 1 2 |  2.0
Poison Magic   | 1 2 |  2.0
Dodging        | 3 |  3.6
Armour         | 5 |  5.2
Fighting       | 7 |  7.0
Maces & Flails | 7 |  7.0

Action                   |  1- 3 |  4- 6 |  7- 9 || total
-------------------------+-------+-------+-------++-------
Melee: Mace              |    94 |   201 |    37 ||   332
       Bite              |     5 |    25 |     2 ||    32
       Punch             |       |     2 |       ||     2
Invok: Renounce Religion |     1 |       |       ||     1
 Stab: Sleeping          |     3 |       |       ||     3
       Petrifying        |       |     1 |       ||     1
       Paralysed         |       |     2 |     1 ||     3
Armor: Leather armour    |    10 |       |       ||    10
       Chain mail        |    35 |   130 |    30 ||   195
Dodge: Dodged            |    55 |    93 |    18 ||   166

Table legend: (Time is in decaauts)
 A = Elapsed time spent in this place.
 B = Non-inter-level travel time spent in this place.
 C = Inter-level travel time spent in this place.
 D = Time resting spent in this place.
 E = Time spent auto-exploring this place.
 F = Levels seen in this place.
 G = Mean time per level.
                   A        B        C        D        E       F      G
               +--------+--------+--------+--------+--------+-----+--------+
         Total |   4811 |   4704 |    107 |    382 |   3605 |   5 |  962.2 |
       Dungeon |   4811 |   4704 |    107 |    382 |   3605 |   5 |  962.2 |
               +--------+--------+--------+--------+--------+-----+--------+

Top non-repeatable levels by time:
     D:1: 1157 daAuts
     D:3: 978 daAuts
     D:5: 905 daAuts
     D:2: 899 daAuts
     D:4: 870 daAuts
